 Dungeon Crawl Stone Soup version 0.21.1-1-g345015fe64 (webtiles) character file.

88 Peloso the Skirmisher (level 4, 0/35 HPs)
             Began as a Demonspawn Fighter on Apr 14, 2018.
             Succumbed to an adder's poison
             ... on level 2 of the Dungeon.
             The game lasted 00:03:37 (1277 turns).

Peloso the Skirmisher (Demonspawn Fighter)          Turns: 1277, Time: 00:03:37

Health: 0/35       AC: 13    Str: 18    XL:     4   Next: 29%
Magic:  4/4        EV: 10    Int:  9    God:
Gold:   83         SH:  9    Dex: 17    Spells: 3/3 levels left

rFire    + . .     SeeInvis +   a - +0 long sword
rCold    . . .     Gourm    .   c - +0 shield
rNeg     . . .     Faith    .   b - +0 chain mail
rPois    .         Spirit   .   e - +1 helmet {SInv}
rElec    .         Reflect  .   (no cloak)
rCorr    .         Harm     .   (no gloves)
MR       .....                  (no boots)
Stlth    ..........             (no amulet)
HPRegen  0.11/turn              (no ring)
MPRegen  0.09/turn              (no ring)

@: agile, lethally poisoned (0 -> -3), hasted, very quick
A: yellow scales 1, fire resistance 1
a: no special abilities


You were on level 2 of the Dungeon.
You were hungry.

You visited 1 branch of the dungeon, and saw 2 of its levels.

You collected 83 gold pieces.

Inventory:

Hand Weapons
 a - a +0 long sword (weapon)
Armour
 b - a +0 chain mail (worn)
 c - a +0 shield (worn)
 e - a +1 helmet of see invisible (worn)
Scrolls
 h - 2 scrolls of amnesia {unknown}
 j - 2 scrolls of remove curse {unknown}
 k - a scroll of teleportation {unknown}
 l - 2 scrolls of magic mapping {unknown}
 m - 2 scrolls of identify {unknown}
 n - a scroll of random uselessness {unknown}
Potions
 d - a potion of might
Comestibles
 f - 4 rations


   Skills:
 + Level 3.3 Fighting
 + Level 2.8 Long Blades
 + Level 3.2 Armour
 + Level 0.5 Dodging
 + Level 3.3 Shields


You had 3 spell levels left.
You didn't know any spells.

Dungeon Overview and Level Annotations

Branches:
Dungeon (2/15)

Altars:
Gozag


Innate Abilities, Weirdness & Mutations

You are partially covered in yellow scales. (AC +2)
Your flesh is heat resistant. (rF+)


Message History

The worm is almost dead.
You feel sick. The worm bites you!
* * * LOW HITPOINT WARNING * * *
You completely miss the worm.
The worm is severely wounded.
You block the worm's attack.
You hit the worm.
The worm is almost dead.
* * * LOW HITPOINT WARNING * * *
You feel sick. The worm closely misses you.
Your shield prevents you from hitting the worm.
The worm is almost dead.
You slash the worm!
You kill the worm!
* * * LOW HITPOINT WARNING * * *
You feel sick.
It was a potion of agility.
You feel agile all of a sudden.
It was a potion of haste.
You feel yourself speed up.
You die...

...........#####
#.#............
#.........#..#
###.....#.#..#
#..........#
##...##.##.##.# #.
#####...........#
#. #............##
#. #.#######@####
#. #.# #.#
.###.###.# #.#
.........#######.#
.................#
#####.############
#####.# ......#
#######


There were no monsters in sight!

Vanquished Creatures
  3 adders (D:2)
  2 oozes (D:1)
  A worm (D:2)
  A dart slug (D:1)
  A leopard gecko (D:2)
  4 goblins
  5 hobgoblins
  11 jackals (D:1)
  6 bats
  4 frilled lizards (D:1)
  6 kobolds
44 creatures vanquished.

Vanquished Creatures (others)
  18 toadstools (D:2)
18 creatures vanquished.

Grand Total: 62 creatures vanquished

Notes
Turn   | Place    | Note
-------+----------+-------------------------------------------
     0 | D:1      | Peloso the Demonspawn Fighter began the quest for the Orb.
     0 | D:1      | Reached XP level 1. HP: 18/18 MP: 1/1
    43 | D:1      | Gained mutation: You are partially covered in yellow scales. (AC +2) [demonic ancestry]
    43 | D:1      | Reached XP level 2. HP: 22/24 MP: 2/2
   415 | D:1      | Reached XP level 3. HP: 27/29 MP: 3/3
   933 | D:2      | Found an opulent altar of Gozag.
  1259 | D:2      | Gained mutation: Your flesh is heat resistant. (rF+) [demonic ancestry]
  1259 | D:2      | Reached XP level 4. HP: 22/35 MP: 4/4
  1274 | D:2      | HP: 1/35 [poisoned by an adder]
  1277 | D:2      | Succumbed to an adder's poison

Skill      XL: |  1  2 |
---------------+-------+-----
Armour         | 3 |  3.2
Long Blades    | 2 |  2.8
Shields        | 3 |  3.3
Fighting       | |  3.3
Dodging        | |  0.5

Action                   |  1- 3 |  4- 6 || total
-------------------------+-------+-------++-------
Melee: Long sword        |   172 |    15 ||   187
  Use: Potion            |       |     2 ||     2
  Eat: Chunk             |     1 |       ||     1
Armor: Scale mail        |    79 |       ||    79
       Chain mail        |    62 |     5 ||    67
Dodge: Dodged            |    59 |     3 ||    62
Block: Shield            |   118 |     5 ||   123
       Rpst.: Long sword |    21 |       ||    21
